 Dungeon Crawl Stone Soup version 0.30.0-10-gfe55d96785 (webtiles) character file.

Game seed: 11177140904116540783

1157 hawla the Grave Robber (level 8, -5/62 HPs)
             Began as a Meteoran Necromancer on May 14, 2023.
             Slain by an orc warrior
             ... wielding a +0 glaive
              (19 damage)
             ... on level 5 of the Dungeon.
             The game lasted 00:16:15 (2282 turns).

hawla the Grave Robber (Meteoran Necromancer)       Turns: 2282, Time: 00:16:16

Health: -5/62      AC:  2    Str: 10    XL:     8   Next: 98%
Magic:  6/19       EV: 13    Int: 19    God:
Gold:   109        SH:  0    Dex: 14    Spells: 11/20 levels left

rFire   . . .        h - +0 mace
rCold   . . .        (no shield)
rNeg    . . .        a - +0 robe
rPois   .            (no helmet)
rElec   .            (no cloak)
rCorr   .            (no gloves)
SInv    .            (no boots)
Will    +....        (no amulet)
Stlth   +            d - +4 ring of slaying
HPRegen 0.30/turn    (no ring)
MPRegen 0.16/turn

%: no passive effects
@: glowing
A: sense surroundings 1, otherworldly, glowing, explore regen
a: no special abilities


You were on level 5 of the Dungeon.
You visited 1 branch of the dungeon, and saw 5 of its levels.
You also visited: Ossuary.

You collected 109 gold pieces.

Inventory:

Hand Weapons
 h - a +0 mace (weapon)
Armour
 a - a +0 robe (worn)
Jewellery
 d - a +4 ring of slaying (left hand)
 n - an amulet of faith
 q - a +4 ring of protection
 s - an amulet of guardian spirit
Wands
 p - a wand of paralysis (7)
Scrolls
 f - 2 scrolls of identify
 i - a scroll of fog {unknown}
 o - a scroll of teleportation
Potions
 b - 2 potions of magic
 c - a potion of berserk rage
 e - 3 potions of brilliance
 g - 2 potions of curing {unknown}
 j - a potion of degeneration
 k - a potion of lignification {unknown}
 r - a potion of haste


   Skills:
 + Level 2.7 Fighting
 * Level 5.4 Maces & Flails
 + Level 3.9 Dodging
 - Level 1.4 Stealth
 + Level 6.7 Spellcasting
 + Level 1.6 Conjurations
 + Level 7.2 Necromancy
 + Level 1.6 Fire Magic


You had 11 spell levels left.
You knew the following spells:

 Your Spells              Type           Power      Damage    Failure   Level
a - Necrotise             Necr           100%       1d9       1%          1
b - Vampiric Draining     Necr           34%        2d8       1%          3
c - Foxfire               Conj/Fire      48%        2x1d6     5%          1
d - Animate Dead          Necr           34%        N/A       5%          4

Your spell library contained the following spells:

 Spells                   Type           Power      Damage    Failure   Level
 Agony                    Necr           34%        N/A       14%         5
 Fireball                 Conj/Fire      6%         3d5       83%         5
 Plasma Beam              Fire/Air       4%         2x1d16    100%        6
 Starburst                Conj/Fire      6%         6d4       100%        6


Dungeon Overview and Level Annotations

Branches:
Dungeon (5/15) Zot: 889   Ossuary (visited)
 Temple: D:4-7

Altars:
Wu Jian
Zin


Innate Abilities, Weirdness & Mutations

You passively map a small area around you.
You are easily found by Zot.
You glow in the dark.
You regain HP and MP as you explore.


Message History

Your adder zombie bites the orc wizard but does no damage.
The orc wizard closely misses you.
Your howler monkey zombie barely misses the orc warrior.
Casting: Vampiric Draining (safe; 1% risk of failure)
Confirm with . or Enter, or press ? or * to list all spells.
Aiming: Vampiric Draining (safe; 1% risk of failure)
Press: ? - help, Shift-Dir - straight line, f/p - orc wizard
Aim: an orc wizard, wielding a +2 dagger of venom and wearing a +0 robe (heavily wounded, fast, ally target)
You draw life force from the orc wizard.
You feel life coursing into your body. The orc wizard barely misses you.
The orc warrior misses you.
Your adder zombie closely misses the orc wizard.
Your black bear zombie misses the orc warrior.
Your black bear zombie closely misses the orc warrior.
Your black bear zombie claws the orc warrior.
Your howler monkey zombie barely misses the orc warrior.
Unknown command.
Casting: Vampiric Draining (safe; 1% risk of failure)
Confirm with . or Enter, or press ? or * to list all spells.
Aiming: Necrotise (safe; 1% risk of failure)
Press: ? - help, Shift-Dir - straight line, f/p - orc wizard
Aim: an orc wizard, wielding a +2 dagger of venom and wearing a +0 robe (almost dead, fast, ally target, chance to affect: 83%)
The orc wizard writhes in agony.
You kill the orc wizard!
The dead are walking!
The orc warrior hits you from afar with a +0 glaive.
* * * LOW HITPOINT WARNING * * *
Your adder zombie bites the orc but does no damage.
Your black bear zombie bites the orc warrior but does no damage.
Your black bear zombie claws the orc warrior but does no damage. x2
Your howler monkey zombie hits the orc warrior but does no damage.
Casting: Necrotise (safe; 1% risk of failure)
Confirm with . or Enter, or press ? or * to list all spells.
Aiming: Vampiric Draining (safe; 1% risk of failure)
Press: ? - help, Shift-Dir - straight line, f - orc
Aim: an orc, wielding a +0 whip and wearing a +0 chain mail (ally target)
You draw life force from the orc.
You feel life coursing into your body.
Your adder zombie barely misses the orc.
The orc warrior hits you from afar with a +0 glaive!
You die...

#Z# ##..........
#.### ...........
#.Z.### ............
#.#Z..##............
#.####...............
* #.
##............... *
.# #................
## ##................
#@Z............... ,
#.oZZ..............
#....o...............
#....Z........<.####.
#............. * ##
#.............*
...........##
#<.........## , **


You could see an orc warrior (ally target), an orc (ally target), a friendly
adder zombie, a friendly black bear zombie, a friendly howler monkey zombie and
a friendly orc wizard skeleton.

Vanquished Creatures
  2 black bears
  2 ogres (D:4)
  A centaur (D:5)
  3 scorpions
  2 howler monkeys
  2 sleepcaps
  A hound (D:5)
  A jelly (D:4)
  2 orc wizards (D:5)
  3 iguanas
  Terence (D:3)
  A mummy (Ossuary)
  A gnoll (D:1)
  7 adders
  2 ufetubi (D:5)
  2 worms
  A dart slug (D:4)
  2 orcs
  2 spectral bats (Ossuary)
  3 ball pythons
  2 endoplasms
  3 giant cockroaches (D:1)
  2 goblins
  3 hobgoblins
  2 kobolds
  2 quokkas
  2 bats (D:3)
  3 bat simulacra (Ossuary)
  12 gnoll zombies (Ossuary)
  2 goblin simulacra (Ossuary)
  7 goblin zombies
  7 hobgoblin zombies (Ossuary)
  4 kobold simulacra (Ossuary)
  2 kobold zombies (Ossuary)
  3 orc zombies (Ossuary)
  A quokka zombie (D:4)
  5 rat simulacra (Ossuary)
  4 spectral goblins (Ossuary)
  2 spectral kobolds (Ossuary)
  2 spectral rats (Ossuary)
111 creatures vanquished.

Vanquished Creatures (collateral kills)
  A white imp (D:5)
  A dart slug (D:4)
  5 orcs
  A hobgoblin (D:3)
  A rat (D:3)
9 creatures vanquished.

Vanquished Creatures (others)
  2 orc zombies (D:5)
  56 foxfires
58 creatures vanquished.

Grand Total: 178 creatures vanquished

Notes
Turn   | Place    | Note
-------+----------+-------------------------------------------
     0 | D:1      | hawla the Meteoran Necromancer began the quest for the Orb.
     0 | D:1      | Reached XP level 1. HP: 14/14 MP: 5/5
    40 | D:1      | Reached XP level 2. HP: 14/20 MP: 1/6
    90 | D:1      | Reached skill level 5 in Necromancy
    90 | D:1      | Reached XP level 3. HP: 26/26 MP: 6/8
    94 | D:1      | Learned a level 3 spell: Vampiric Draining
   110 | D:1      | Found a faded altar of an unknown god.
   116 | D:1      | You fall into a shaft and drop 1 floor!
   157 | D:3      | Noticed Terence
   177 | D:3      | Killed Terence
   178 | D:3      | Reached XP level 4. HP: 26/33 MP: 2/10
   262 | D:3      | Identified the +0 chain mail "Xulouf" {rC+ Regen+ SInv}
   364 | D:4      | Learned a level 1 spell: Foxfire
   387 | D:4      | Noticed a scorpion
   391 | D:4      | Found a sand-covered staircase.
   403 | D:4      | Killed a scorpion
   404 | D:4      | Reached skill level 1 in Fighting
   404 | D:4      | Reached skill level 1 in Conjurations
   404 | D:4      | Reached skill level 1 in Fire Magic
   404 | D:4      | Reached XP level 5. HP: 40/40 MP: 1/11
   407 | Ossuary  | Entered an ossuary
   537 | Ossuary  | Reached skill level 1 in Maces & Flails
   537 | Ossuary  | Reached XP level 6. HP: 22/45 MP: 6/12
   868 | Ossuary  | Glimpsed the power of Zot.
   918 | Ossuary  | Glimpsed the power of Zot.
   949 | D:4      | Learned a level 4 spell: Animate Dead
  1027 | D:4      | Noticed a black bear
  1038 | D:4      | Killed a black bear
  1039 | D:4      | Reached XP level 7. HP: 19/53 MP: 0/14
  1082 | D:4      | Found an ornate altar of the Wu Jian Council.
  1145 | D:4      | Reached skill level 6 in Necromancy
  1315 | D:4      | Reached skill level 5 in Spellcasting
  1447 | D:4      | Reached XP level 8. HP: 43/61 MP: 7/16
  1576 | D:5      | Entered Level 5 of the Dungeon
  1773 | D:5      | HP: 4/93 [poisoned by an adder]
  1775 | D:5      | HP: 1/62 [poisoned by an adder]
  2080 | D:5      | Found a glowing silver altar of Zin.
  2099 | D:5      | Reached skill level 5 in Maces & Flails
  2099 | D:5      | Reached skill level 7 in Necromancy
  2272 | D:5      | Identified the +11 chain mail of the Ward {Harm +Inv Str+2
                  | Dex-4}
  2282 | D:5      | Slain by an orc warrior

Illustrated notes

Levels and vault maps discovered:
D:1:      dpeg_arrival_arbitrary_c, layout_rooms,
          hellmonk_ecumenical_altar_run_dry
D:2:      layout_basic, chequers_serial_rivers_small_3, uniq_natasha
D:3:      layout_loops_cross, uniq_terence
D:4:      layout_cave_pools, pdpol_wu_jian_five_deadly_venoms, enter_ossuary_4,
          hex_large, kennysheep_flooded_box, saegor_snake_ambush
D:5:      layout_layer_cave, zin_treasury, gup_sewer_entry_bubbles,
          minmay_misc_feat_four_crosses

Skill      XL: |  1  2  3  4  5  6  7  8 |
---------------+-------------------------+-----
Necromancy     | 5 6 7 |  7.2
Spellcasting   | 3 4 5 6 |  6.7
Fighting       | 1 2 |  2.7
Conjurations   | 1 |  1.6
Fire Magic     | 1 |  1.6
Maces & Flails | 1 3 4 5 |  5.4
Dodging        | 3 |  3.9
Stealth        | |  1.4

Action                     |  1- 3 |  4- 6 |  7- 9 || total
---------------------------+-------+-------+-------++-------
  Melee: Unarmed           |     3 |       |       ||     3
         Mace              |       |   116 |    31 ||   147
         Punch             |       |     2 |       ||     2
   Cast: Necrotise         |    21 |    31 |    51 ||   103
         Vampiric Draining |     2 |     4 |    23 ||    29
         Foxfire           |       |    29 |     4 ||    33
         Animate Dead      |       |     1 |     2 ||     3
    Use: Scroll            |       |       |     5 ||     5
         Potion            |       |       |     3 ||     3
   Stab: Sleeping          |       |     1 |       ||     1
         Distracted        |       |       |     1 ||     1
 Armour: Robe              |     2 |    46 |    11 ||    59
  Dodge: Dodged            |     5 |    85 |    65 ||   155
